 Dungeon Crawl Stone Soup version 0.26-a0-672-g1df16c3386 (webtiles) character file.

Game seed: 10116280802590283493

193 strifetoe the Conjurer (level 5, -5/40 HPs)
             Began as a Palentonga Hedge Wizard on Oct 20, 2020.
             Slain by a phantom (8 damage)
             ... on level 4 of the Dungeon.
             The game lasted 00:06:05 (4410 turns).

strifetoe the Conjurer (Palentonga Hedge Wizard)    Turns: 4410, Time: 00:06:05

Health: -5/40      AC:  6    Str: 14    XL:     5   Next: 44%
Magic:  1/9        EV: 14    Int: 15    God:
Gold:   190        SH:  0    Dex:  9    Spells: 7/10 levels left

rFire    . . .     SeeInvis +   g - +0 short sword
rCold    . . .     Faith    .   (no shield)
rNeg     . . .     Spirit   .   b - +0 robe
rPois    .         Reflect  .   x - +1 hat
rElec    .         Harm     .   y - +0 cloak
rCorr    .         Rampage  .   (no gloves)
MR       .....                  (no barding)
Stlth    +.........             (no amulet)
HPRegen  0.13/turn              s - +4 ring of evasion
MPRegen  0.11/turn              (no ring)

@: no status effects
A: large, talons 1, rugged brown scales 3, see invisible, deformed body,
MP-powered wands, roll, armoured tail
a: Rolling Charge


You were on level 4 of the Dungeon.
You visited 1 branch of the dungeon, and saw 5 of its levels.

You collected 190 gold pieces.

Inventory:

Hand Weapons
 a - a +0 dagger
 g - a +0 short sword (weapon)
 q - a +0 war axe of flaming
Armour
 b - a +0 robe (worn)
 c - a +0 hat
 x - a +1 hat (worn)
 y - a +0 cloak (worn)
Jewellery
 s - a +4 ring of evasion (left hand)
Wands
 m - a wand of digging (5)
Scrolls
 d - 4 scrolls of enchant weapon {unknown}
 e - a scroll of enchant armour {unknown}
 f - 4 scrolls of remove curse {unknown}
 h - 2 scrolls of fear {unknown}
 i - 2 scrolls of amnesia {unknown}
 n - 7 scrolls of identify {unknown}
 r - a scroll of random uselessness {unknown}
 v - a scroll of teleportation {unknown}
Potions
 j - a potion of might {unknown}
 k - 4 potions of curing {unknown}
 l - a potion of ambrosia {unknown}
 p - a potion of lignification {unknown}
 t - a potion of haste {unknown}
 u - a potion of cancellation {unknown}
 w - a potion of degeneration {unknown}


   Skills:
 - Level 1.5 Dodging
 - Level 1.2 Stealth
 - Level 3.0 Spellcasting
 - Level 4.2 Conjurations
 * Level 2.2 Summonings
   Level 1.0 Translocations


You had 7 spell levels left.
You knew the following spells:

 Your Spells              Type           Power        Failure   Level
a - Magic Dart            Conj           ###.         3%          1
b - Call Imp              Summ           #.......     12%         2

Your spell library contained the following spells:

 Spells                   Type           Power        Failure   Level
 Corona                   Hex            #......      21%         1
 Blink                    Tloc           N/A          21%         2
 Conjure Flame            Conj/Fire      #.......     26%         3
 Dazzling Flash           Conj/Hex       #.....       26%         3
 Ensorcelled Hibernation  Hex/Ice        #.....       30%         2
 Slow                     Hex            #.......     30%         2
 Mephitic Cloud           Conj/Pois/Air  #.......     32%         3
 Confusing Touch          Hex            #.......     52%         3
 Tukima's Dance           Hex            #.......     52%         3


Dungeon Overview and Level Annotations

Branches:
Dungeon (5/15)
 Temple: D:4-7

Altars:


Innate Abilities, Weirdness & Mutations

You are completely covered in rugged brown scales. (AC +3, +7% HP)
You have supernaturally acute eyesight. (SInv)
Armour fits poorly on your strangely shaped body.
You can roll at foes to attack.
You have a long armoured tail.
You have sharp toenails.
You expend magic power (3 MP) to strengthen your wands.


Message History

* * * LOW HITPOINT WARNING * * *
The phantom blinks!
Your crimson imp blinks!
Unknown command.
The phantom hits you.
* * * LOW HITPOINT WARNING * * *
Your crimson imp blinks! x2
You see here a scroll labeled YXAGROLULL.
Unknown command.
You closely miss the phantom.
Your tail-slap misses the phantom.
The phantom is almost destroyed.
The phantom hits you!
* * * LOW HITPOINT WARNING * * *
Your crimson imp closely misses the phantom.
Unknown command.
It was a potion of mutation.
You feel extremely strange.
Your toenails lengthen and sharpen.
You feel your magical essence link to the dungeon's wands.
The phantom hits you!
You die...

#....##.# #.#
#..##.#.# ...<##
.###.# ##..#...#
#..... #...#
##..#... .....
#.### ##.#...
......##.# #.##<.
.........# #..###
. .#######.#####
##.# #
##..####........#
#.###
........@....5<.#
#....
.........W......#
#####
........ยง.5.....#
########........#
##########


You could see a phantom and 2 friendly crimson imps.

Vanquished Creatures
  8 adders
  An ooze (D:3)
  An adder skeleton (D:4)
  A worm (D:4)
  A dart slug (D:4)
  3 leopard geckos
  7 orcs
  4 ball pythons
  12 bats
  7 giant cockroaches
  3 goblins
  3 hobgoblins
  3 jackals (D:3)
  8 kobolds
  A quokka (D:3)
  6 frilled lizards
  13 rats
82 creatures vanquished.

Vanquished Creatures (collateral kills)
  An orc wizard (D:4)
  An orc (D:4)
2 creatures vanquished.

Grand Total: 84 creatures vanquished

Notes
Turn   | Place    | Note
-------+----------+-------------------------------------------
     0 | D:1      | strifetoe the Palentonga Hedge Wizard began the quest for
                  | the Orb.
     0 | D:1      | Reached XP level 1. HP: 14/14 MP: 4/4
    13 | D:1      | Reached skill level 1 in Conjurations
   203 | D:1      | Reached XP level 2. HP: 18/21 MP: 6/6
   274 | D:1      | Reached skill level 2 in Conjurations
  1013 | D:2      | Reached XP level 3. HP: 27/27 MP: 7/7
  1178 | D:2      | Reached skill level 3 in Conjurations
  2049 | D:2      | Reached XP level 4. HP: 32/35 MP: 8/8
  2331 | D:2      | Learned a level 2 spell: Call Imp
  2818 | D:3      | You fall into a shaft and drop 2 floors!
  2818 | D:5      | Entered Level 5 of the Dungeon
  2852 | D:4      | Reached skill level 4 in Conjurations
  3419 | D:4      | Reached skill level 1 in Summonings
  3452 | D:4      | Noticed a phantom
  3625 | D:3      | Reached XP level 5. HP: 40/40 MP: 3/9
  4410 | D:4      | Gained mutation: You have sharp toenails. [potion of
                  | mutation]
  4410 | D:4      | Gained mutation: You expend magic power (3 MP) to
                  | strengthen your wands. [potion of mutation]
  4410 | D:4      | Slain by a phantom

Illustrated notes

Levels and vault maps discovered:
D:1:      giann_horns, layout_basic, serial_glass, glass_columns_c,
          glass_columns_a, st_stairs_10
D:2:      layout_loops_ring, minmay_shallow_snake_nest
D:3:      minmay_skewed_foursquare, layout_basic
D:4:      layout_rooms, kennysheep_mini, chequers_serial_rivers_micro_b,
          chequers_serial_rivers_micro_c
D:5:      layout_basic, minmay_manual_mail, uniq_pikel

Skill      XL: |  1  2  3  4  5 |
---------------+----------------+-----
Conjurations   | 1 2 3 4 |  4.2
Summonings     | 1 2 |  2.2
Dodging        | |  1.5
Stealth        | |  1.2
Spellcasting   | |  3.0
Translocations | |  1.0

Action                   |  1- 3 |  4- 6 || total
-------------------------+-------+-------++-------
Melee: Dagger            |    37 |       ||    37
       Tailslap          |     8 |     9 ||    17
       Short sword       |   105 |   110 ||   215
 Cast: Magic Dart        |    15 |    70 ||    85
       Call Imp          |       |     7 ||     7
Evoke: Wand              |       |     3 ||     3
  Use: Potion            |       |     1 ||     1
 Stab: Sleeping          |       |     2 ||     2
Armor: Robe              |    80 |    36 ||   116
Dodge: Dodged            |   109 |   100 ||   209

Table legend: (Time is in decaauts)
 A = Elapsed time spent in this place.
 B = Non-inter-level travel time spent in this place.
 C = Inter-level travel time spent in this place.
 D = Time resting spent in this place.
 E = Time spent auto-exploring this place.
 F = Levels seen in this place.
 G = Mean time per level.
                   A        B        C        D        E       F      G
               +--------+--------+--------+--------+--------+-----+--------+
         Total |   4433 |   4382 |     51 |   1214 |   2445 |   5 |  886.6 |
       Dungeon |   4433 |   4382 |     51 |   1214 |   2445 |   5 |  886.6 |
               +--------+--------+--------+--------+--------+-----+--------+

Top non-repeatable levels by time:
     D:2: 1599 daAuts
     D:3: 1149 daAuts
     D:1: 991 daAuts
     D:4: 686 daAuts
     D:5: 6 daAuts
